General information
- name: BNet
- type: Ladder team game (AT/RT)
- host: Battle.net
- saver: TIMG4STRok
map: UpperKingdom
- players: 6
- length: 11:44
- speed: Fast
- version: 1.21 W3XP
- replay type:

» download(95 KB)
Players
team 1 (winner)
Iceberg-Slim (
red | 108 APM | 1273 actions | 11:44)
3 Priestess of the Moon
1 Searing Arrows
2 Trueshot Aura
2 Keeper of the Grove
1 Entangling Roots
1 Thorns Aura
» actions
| Assign group hotkey | 14 | |
| Basic commands | 183 | |
| Build / train | 33 | |
| Enter build submenu | 15 | |
| Enter hero's abilities submenu | 5 | |
| Remove unit from queue | 1 | |
| Right click | 643 | |
| Select / deselect | 186 | |
| Select group hotkey | 168 | |
| Use ability | 25 | |
1273 total
» units
| Wisp | 12 | |
| Huntress | 4 | |
| Dryad | 3 | |
| Druid of the Claw | 1 | |
20 total
» upgrades
| Abolish Magic | 1 | |
| Druid of the Claw Training | 2 | |
3 total
» buildings
| Altar of Elders | 1 | |
| Moon Well | 8 | |
| Hunter's Hall | 1 | |
| Ancient of War | 2 | |
| Ancient of Wonders | 1 | |
| Tree of Ages | 1 | |
| Ancient of Lore | 2 | |
| Tree of Eternity | 1 | |
17 total
» build order
00:06 Altar of Elders
00:20 Moon Well
01:52 Hunter's Hall
01:58 Ancient of War
02:01 Ancient of War
02:24 Moon Well
03:16 Ancient of Wonders
03:32 Moon Well
04:10 Tree of Ages
06:07 Moon Well
06:35 Ancient of Lore
07:04 Ancient of Lore
07:47 Tree of Eternity
09:00 Moon Well
09:08 Moon Well
10:19 Moon Well
10:24 Moon Well
iggy_the_fisk (
blue | 149 APM | 1752 actions | 11:44)
3 Archmage
2 Summon Water Elemental
1 Brilliance Aura
2 Mountain King
1 Storm Bolt
1 Bash
» actions
| Assign group hotkey | 236 | |
| Basic commands | 4 | |
| Build / train | 39 | |
| Enter build submenu | 16 | |
| Enter hero's abilities submenu | 5 | |
| Right click | 769 | |
| Select / deselect | 186 | |
| Select group hotkey | 450 | |
| Use ability | 47 | |
1752 total
» units
| Peasant | 10 | |
| Footman | 5 | |
| Rifleman | 5 | |
| Mortar Team | 3 | |
23 total
» upgrades
| Gunpowder | 2 | |
| Long Rifles | 1 | |
| Flare | 1 | |
4 total
» buildings
| Altar of Kings | 1 | |
| Barracks | 1 | |
| Farm | 8 | |
| Scout Tower | 1 | |
| Arcane Tower | 1 | |
| Keep | 1 | |
| Blacksmith | 1 | |
| Workshop | 2 | |
| Castle | 3 | |
19 total
» build order
00:06 Altar of Kings
00:19 Barracks
00:24 Farm
01:01 Farm
01:36 Scout Tower
01:45 Farm
02:02 Arcane Tower
03:11 Keep
03:23 Blacksmith
04:44 Farm
05:53 Workshop
06:19 Workshop
06:45 Farm
07:25 Farm
08:46 Castle
08:46 Castle
08:46 Castle
10:26 Farm
10:27 Farm
TIMG4STRok (
pink | 149 APM | 1755 actions | 11:44)
3 Blademaster
2 Wind Walk
1 Critical Strike
3 Shadow Hunter
2 Hex
1 Healing Wave
» actions
| Assign group hotkey | 20 | |
| Basic commands | 28 | |
| Build / train | 37 | |
| ESC pressed | 1 | |
| Enter build submenu | 14 | |
| Enter hero's abilities submenu | 6 | |
| Give item / drop item | 1 | |
| Remove unit from queue | 1 | |
| Right click | 790 | |
| Select / deselect | 95 | |
| Select group hotkey | 716 | |
| Use ability | 46 | |
1755 total
» units
| Peon | 8 | |
| Grunt | 5 | |
| Raider | 3 | |
| Spirit Walker | 2 | |
18 total
» upgrades
| Berserker Strength | 1 | |
| Pillage | 1 | |
| Ensnare | 1 | |
| Melee Weapons | 1 | |
| Spirit Walker Training | 1 | |
5 total
» buildings
| Altar of Storms | 1 | |
| Orc Burrow | 6 | |
| Barracks | 1 | |
| Voodoo Lounge | 1 | |
| Stronghold | 1 | |
| Beastiary | 2 | |
| War Mill | 1 | |
| Spirit Lodge | 1 | |
| Fortress | 1 | |
15 total
» build order
00:06 Altar of Storms
00:19 Orc Burrow
00:47 Barracks
01:28 Orc Burrow
01:43 Voodoo Lounge
03:30 Stronghold
03:49 Orc Burrow
05:58 Beastiary
06:20 Orc Burrow
06:25 Beastiary
07:26 War Mill
08:59 Spirit Lodge
10:26 Fortress
10:49 Orc Burrow
10:49 Orc Burrow
» items
| Healing Salve | 1 | |
| Lesser Clarity Potion | 2 | |
3 total
team 2 (loser)
jizzthrower (
green | 72 APM | 837 actions | 11:39)
3 Death Knight
2 Death Coil
1 Unholy Aura
1 Lich
1 Frost Nova
» actions
| Assign group hotkey | 25 | |
| Basic commands | 44 | |
| Build / train | 39 | |
| Enter build submenu | 11 | |
| Enter hero's abilities submenu | 4 | |
| Right click | 236 | |
| Select / deselect | 157 | |
| Select group hotkey | 287 | |
| Use ability | 34 | |
837 total
» units
| Acolyte | 2 | |
| Ghoul | 6 | |
| Crypt Fiend | 9 | |
17 total
» upgrades
| Creature Attack | 2 | |
| Creature Carapace | 1 | |
| Web | 1 | |
| Destroyer Form | 1 | |
5 total
» buildings
| Graveyard | 1 | |
| Crypt | 1 | |
| Ziggurat | 5 | |
| Altar of Darkness | 1 | |
| Tomb of Relics | 1 | |
| Nerubian Tower | 3 | |
| Halls of the Dead | 1 | |
| Black Citadel | 1 | |
| Slaughterhouse | 2 | |
| Spirit Tower | 2 | |
18 total
» build order
00:15 Graveyard
00:19 Crypt
00:26 Ziggurat
00:55 Altar of Darkness
01:02 Ziggurat
01:22 Tomb of Relics
02:10 Nerubian Tower
02:10 Nerubian Tower
02:10 Nerubian Tower
02:54 Ziggurat
04:27 Halls of the Dead
05:06 Ziggurat
06:57 Black Citadel
08:18 Ziggurat
08:41 Slaughterhouse
08:56 Slaughterhouse
09:59 Spirit Tower
11:02 Spirit Tower
» items
M(e)DO. (
purple | 120 APM | 1412 actions | 11:44)
2 Far Seer
1 Feral Spirit
1 Chain Lighting
» actions
| Assign group hotkey | 375 | |
| Basic commands | 71 | |
| Build / train | 53 | |
| ESC pressed | 7 | |
| Enter build submenu | 19 | |
| Enter hero's abilities submenu | 2 | |
| Right click | 390 | |
| Select / deselect | 176 | |
| Select group hotkey | 254 | |
| Use ability | 65 | |
1412 total
» units
| Peon | 20 | |
| Grunt | 9 | |
| Troll Witch Doctor | 3 | |
32 total
» upgrades
| Witch Doctor Training | 2 | |
| Armor | 1 | |
3 total
» buildings
| Altar of Storms | 1 | |
| Orc Burrow | 7 | |
| Barracks | 2 | |
| Stronghold | 3 | |
| Voodoo Lounge | 1 | |
| War Mill | 1 | |
| Spirit Lodge | 1 | |
| Fortress | 2 | |
| Great Hall | 1 | |
| Tauren Totem | 2 | |
21 total
» build order
00:07 Altar of Storms
00:37 Orc Burrow
00:55 Barracks
01:40 Orc Burrow
03:02 Orc Burrow
04:17 Stronghold
04:17 Stronghold
05:51 Orc Burrow
06:04 Voodoo Lounge
06:22 War Mill
06:40 Spirit Lodge
06:47 Orc Burrow
07:47 Fortress
09:17 Orc Burrow
09:36 Great Hall
10:11 Orc Burrow
10:26 Tauren Totem
10:27 Tauren Totem
10:38 Barracks
» items
| Healing Salve | 4 | |
| Scroll of Speed | 1 | |
5 total
Zerok (
orange | 59 APM | 691 actions | 11:43)
2 Keeper of the Grove
1 Entangling Roots
1 Force of Nature
» actions
| Assign group hotkey | 10 | |
| Basic commands | 31 | |
| Build / train | 52 | |
| Enter build submenu | 22 | |
| Enter hero's abilities submenu | 2 | |
| Remove unit from queue | 3 | |
| Right click | 247 | |
| Select / deselect | 172 | |
| Select group hotkey | 99 | |
| Use ability | 53 | |
691 total
» units
» buildings
| Moon Well | 7 | |
| Altar of Elders | 2 | |
| Hunter's Hall | 1 | |
| Ancient of War | 5 | |
| Ancient of Wonders | 1 | |
| Tree of Life | 3 | |
| Ancient Protector | 2 | |
21 total
» build order
00:07 Moon Well
00:37 Moon Well
00:39 Altar of Elders
01:12 Hunter's Hall
01:42 Moon Well
01:44 Moon Well
02:09 Ancient of War
02:15 Ancient of Wonders
03:58 Ancient of War
04:26 Tree of Life
05:02 Ancient of War
06:25 Ancient Protector
06:42 Tree of Life
06:44 Tree of Life
06:53 Ancient of War
07:13 Ancient Protector
07:29 Moon Well
08:40 Altar of Elders
09:22 Moon Well
09:36 Moon Well
10:46 Ancient of War
» items
Chat log
(00:31 / All) Zerok: hold please
(00:31 / All) TIMG4STRok: one sec brb
(00:33 / All) iggy_the_fisk: a sec
(00:33 / All) TIMG4STRok: Stop wait
(00:35 / All) iggy_the_fisk: No stop
(00:36 / All) iggy_the_fisk: stop the game
(00:43 / All) jizzthrower: we are fine..
(00:48 / All) jizzthrower: thanks for stopping...
(11:43 / All) TIMG4STRok: wait
(11:44 / All) iggy_the_fisk: Pizza